 Dungeon Crawl Stone Soup version 0.25-a0-1133-g93ebf739aa (webtiles) character file.

Game seed: 11381882015398462861, levelgen mode: deterministic

113 Hopman the Caller (level 4, -6/24 HPs)
             Began as a Vampire Summoner on May 22, 2020.
             Was an Initiate of Sif Muna.
             Shot with an arrow by a centaur (14 damage)
             ... on level 3 of the Dungeon.
             The game lasted 00:17:47 (4038 turns).

Hopman the Caller (Vampire Summoner)                Turns: 4038, Time: 00:17:47

Health: -6/24      AC:  2    Str:  7    XL:     4   Next: 65%
Magic:  5/8        EV: 13    Int: 18    God:    Sif Muna [......]
Gold:   114        SH:  0    Dex: 14    Spells: 2/8 levels left

rFire    . . .     SeeInvis +   f - +3 short sword
rCold    + + .     Gourm    .   (no shield)
rNeg     + + +     Faith    .   a - +0 robe
rPois    ∞         Spirit   .   (no helmet)
rElec    .         Reflect  .   (no cloak)
rCorr    .         Harm     .   (no gloves)
MR       .....                  (no boots)
Stlth    +++++.....             (no amulet)
HPRegen  0.00/turn              (no ring)
MPRegen  0.11/turn              (no ring)

@: bloodless
A: no food, fangs 3, see invisible, unbreathing
a: Bat Form, Revivify, Renounce Religion


You were on level 3 of the Dungeon.
You worshipped Sif Muna.
Sif Muna was noncommittal.
You were bloodless.

You visited 1 branch of the dungeon, and saw 3 of its levels.

You collected 114 gold pieces.

Inventory:

Hand Weapons
 f - a +3 short sword (weapon)
Armour
 a - a +0 robe (worn)
Wands
 i - a wand of random effects (17)
Scrolls
 b - a scroll of identify {unknown}
 d - 2 scrolls of teleportation {unknown}
 e - 2 scrolls of magic mapping {unknown}
 h - a scroll of fog {unknown}
 j - a scroll of remove curse {unknown}
Potions
 c - a potion of lignification {unknown}
 g - 2 potions of curing {unknown}
 k - 2 potions of might {unknown}


   Skills:
 + Level 1.2 Short Blades
 - Level 2.7 Dodging
 + Level 4.1 Stealth
 * Level 2.9 Spellcasting
 * Level 4.8 Summonings
 + Level 0.0 Invocations


You had 2 spell levels left.
You knew the following spells:

 Your Spells              Type           Power        Failure   Level  Hunger
a - Summon Small Mammal   Summ           ###.         2%          1    N/A
b - Call Imp              Summ           ###.....     3%          2    N/A
c - Call Canine Familiar  Summ           ###.....     7%          3    N/A

Your spell library contained the following spells:

 Spells                   Type           Power        Failure   Level  Hunger
 Summon Guardian Golem    Hex/Summ       ##......     19%         3    N/A
 Summon Ice Beast         Ice/Summ       ##......     52%         4    N/A
 Summon Lightning Spire   Summ/Air       ##......     52%         4    N/A

Dungeon Overview and Level Annotations

Branches:
Dungeon (3/15)

Altars:
Ashenzari
Sif Muna


Innate Abilities, Weirdness & Mutations

You do not eat.
You do not regenerate when monsters are visible.
You are frail without blood (-20% HP).
You can heal yourself when you bite living creatures.
You are immune to poison.
You have razor-sharp teeth.
You have supernaturally acute eyesight. (SInv)
You can survive without breathing.


Message History

Your crimson imp dies!
You see here 2 arrows.
The centaur unwields a +0 shortbow.
The centaur hits you.
You hit the centaur.
The centaur is lightly wounded.
The centaur closely misses you.
You closely miss the centaur.
The centaur is lightly wounded.
The centaur hits you.
* * * LOW HITPOINT WARNING * * *
The centaur misses you.
The centaur wields a +0 shortbow.
The centaur shoots an arrow.
The arrow completely misses you.
You see here 2 arrows.
The centaur shoots an arrow.
The arrow barely misses you.
You see here an arrow.
The centaur shoots an arrow.
The arrow closely misses you.
The centaur shoots an arrow.
The arrow hits you!
Ouch! That really hurt!
You die...

.######.##.###....(##..#.#######.
......#.#...#########.c#.....#...
#####.#...............(..........
##'####.##.########...........
#.........>.....c.(...........
#......#######....(.......#'##
#......# #(####(#.##......
#..^...#######....#.#.........
##.#####.....@###.#.####......
#<# #......# #.#.# #...... #.#
#......###.#.# #......
#######...(......#.# #######
##...#######.....#.#
#....(....5'.....#.#
#....#######.....#.#
#(...#######.....#.#
#................#.#


You could see a centaur.

Vanquished Creatures
  Robin (D:2)
  2 adders
  An ooze (D:1)
  An orc (D:3)
  2 giant cockroaches
  5 goblins (D:2)
  3 hobgoblins (D:2)
  A quokka (D:2)
  5 bats
  2 kobolds (D:2)
  A rat (D:1)
24 creatures vanquished.

Vanquished Creatures (collateral kills)
  Ijyb (D:3)
  2 adders (D:3)
  A worm (D:2)
  2 dart slugs
  7 orcs (D:3)
  6 goblins
  5 hobgoblins
  2 jackals (D:2)
  6 bats
  3 frilled lizards
  4 kobolds
  4 rats
43 creatures vanquished.

Grand Total: 67 creatures vanquished

Notes
Turn   | Place    | Note
-------+----------+-------------------------------------------
     0 | D:1      | Hopman the Vampire Summoner began the quest for the Orb.
     0 | D:1      | Reached XP level 1. HP: 13/13 MP: 3/3
   445 | D:1      | Reached XP level 2. HP: 15/15 MP: 3/5
   562 | D:1      | Learned a level 2 spell: Call Imp
  1418 | D:2      | Noticed Robin
  1465 | D:2      | Killed Robin
  1465 | D:2      | Reached XP level 3. HP: 17/19 MP: 0/6
  2278 | D:2      | Reached skill level 1 in Short Blades
  2366 | D:2      | Learned a level 3 spell: Call Canine Familiar
  2504 | D:3      | Reached XP level 4. HP: 23/24 MP: 4/8
  2873 | D:3      | Found a shattered altar of Ashenzari.
  2923 | D:3      | Noticed Ijyb
  2952 | D:3      | Killed Ijyb
  3232 | D:3      | Found a shimmering blue altar of Sif Muna.
  3236 | D:3      | Became a worshipper of Sif Muna the Loreminder
  4015 | D:3      | Noticed a centaur
  4038 | D:3      | Shot with an arrow by a centaur

Illustrated notes

Levels and vault maps discovered:
D:1:      wheals_arrival_linesprint, layout_loops_ring
D:2:      layout_loops_ring, uniq_robin
D:3:      layout_basic, nicolae_ashenzari_panopticon, led_sif_book,
          chequers_serial_rivers_room_a, uniq_ijyb

Skill      XL: |  1  2  3  4 |
---------------+-------------+-----
Short Blades   | 1 |  1.2
Stealth        | 4 |  4.1
Dodging        | |  2.7
Spellcasting   | |  2.9
Summonings     | |  4.8

Action                   |  1- 3 |  4- 6 || total
-------------------------+-------+-------++-------
Melee: Short sword       |    45 |    17 ||    62
       Bite              |       |     1 ||     1
 Cast: Summon Small Mamm |    45 |    11 ||    56
       Call Imp          |     7 |    15 ||    22
 Abil: Exsanguinate      |     1 |       ||     1
 Stab: Sleeping          |     7 |       ||     7
       Distracted        |       |     1 ||     1
Armor: Robe              |     9 |     6 ||    15
Dodge: Dodged            |    59 |    39 ||    98

Table legend:
 A = Non-vault XP
 B = Vault XP
 C = Vault XP percentage of total XP
 D = Non-vault monster count
 E = Vault monster count
 F = Vault count percentage of total count
                 A         B        C        D         E       F
            +---------+---------+-------+---------+---------+-------
      Total |     114 |      48 |  29.6 |      54 |      13 |  19.4
            +---------+---------+-------+---------+---------+-------
        D:1 |      35 |       0 |   0.0 |      18 |       0 |   0.0
        D:2 |      34 |      26 |  43.3 |      15 |      12 |  44.4
        D:3 |      45 |      22 |  32.8 |      21 |       1 |   4.5
            +---------+---------+-------+---------+---------+-------
